 Dungeon Crawl Stone Soup version 0.29.1-15-g9cfb28693d (webtiles) character file.

Game seed: 6610185831459368217

16256 Eitelfritz the Carver (level 12, -1/95 HPs)
             Began as a Minotaur Gladiator on Apr 29, 2023.
             Was a Priest of Hepliaklqana.
             Slain by a seven-headed hydra (5 damage)
             ... on level 11 of the Dungeon.
             The game lasted 00:34:01 (13547 turns).

Eitelfritz the Carver (Minotaur Gladiator)         Turns: 13547, Time: 00:34:02

Health: -1/95      AC: 15    Str: 21    XL:     12   Next: 8%
Magic:  11/11      EV: 13    Int:  7    God:    Hepliaklqana [***...]
Gold:   538        SH: 25    Dex: 13    Spells: 11/11 levels left

rFire   + + .      SeeInvis .   H - +0 morningstar
rCold   + . .      Faith    .   t - +8 kite shield of the Northern Lights {+Inv rF+ rCorr}
rNeg    . . .      Spirit   .   x - +2 ring mail {rPois}
rPois   +          Reflect  +   c - +2 hat
rElec   .          Harm     .   T - +1 cloak
rCorr   +          Rampage  .   U - +0 pair of gloves
Will    .....                   (no boots)
Stlth   ++........              P - amulet of reflection
HPRegen 0.25/turn               l - ring of protection from cold
MPRegen 0.12/turn               O - ring of protection from fire

@: studying Shields
A: reduced essence, horns 2, retaliatory headbutt
a: Renounce Religion, Evoke Invisibility, Recall Ancestor, Ancestor Identity,
Transference


You were on level 11 of the Dungeon.
You worshipped Hepliaklqana.
Hepliaklqana was most pleased with you.
You visited 2 branches of the dungeon, and saw 12 of its levels.
You also visited: Bailey.

You collected 1792 gold pieces.
You spent 1254 gold pieces at shops.

Inventory:

Hand Weapons
 a - a +0 long sword of freezing
 b - a +0 sling
 H - a +0 morningstar (weapon)
 M - a +0 broad axe
Missiles
 k - 27 poisoned darts
 u - 6 silver boomerangs (quivered)
 y - 2 atropa-tipped darts
 F - 18 boomerangs
 R - a javelin
Armour
 c - a +2 hat (worn)
 t - the +8 kite shield of the Northern Lights (worn) {+Inv rF+ rCorr}
   (You acquired it on level 10 of the Dungeon)

   rF:        It protects you from fire.
   +Inv:      It lets you turn invisible.
   rCorr:     It protects you from acid and corrosion.
 x - a +2 ring mail of poison resistance (worn)
 T - a +1 cloak (worn)
 U - a +0 pair of gloves (worn)
Jewellery
 d - a ring of willpower
 j - a ring of positive energy
 l - a ring of protection from cold (left hand)
 A - a ring of positive energy
 K - a ring of flight
 O - a ring of protection from fire (right hand)
 P - an amulet of reflection (around neck)
Wands
 e - a wand of acid (4)
 G - a wand of mindburst (3)
 L - a wand of flame (10)
 S - a wand of paralysis (5)
Scrolls
 h - 3 scrolls of poison
 i - 3 scrolls of teleportation
 r - a scroll of vulnerability
 w - 2 scrolls of brand weapon
 B - a scroll of butterflies
 D - a scroll of amnesia
 E - 3 scrolls of silence
Potions
 f - a potion of resistance
 g - a potion of attraction
 m - 6 potions of curing
 n - 2 potions of haste
 o - a potion of lignification
 p - 2 potions of magic
 q - a potion of invisibility
 s - 2 potions of mutation
 v - a potion of ambrosia
 z - a potion of brilliance {unknown}
 J - a potion of berserk rage {unknown}
 Q - 2 potions of flight


   Skills:
 + Level 9.7 Fighting
 + Level 13.1 Long Blades
 + Level 1.0 Maces & Flails
 + Level 3.7 Ranged Weapons
 + Level 4.3 Throwing
 + Level 9.5 Armour
 + Level 8.3 Dodging
 + Level 4.0 Stealth
 + Level 12.7 Shields
 * Level 0.8 Evocations


You had 11 spell levels left.
You didn't know any spells.
Your spell library contained the following spells:

 Spells                   Type           Power      Damage    Failure   Level
 Gell's Gravitas          Tloc           0%         N/A       99%         3
 Lesser Beckoning         Tloc           0%         N/A       99%         3
 Stone Arrow              Conj/Erth      0%         3d7       99%         3
 Teleport Other           Tloc           0%         N/A       99%         3
 Animate Armour           Summ/Erth      0%         N/A       100%        4
 Summon Ice Beast         Ice/Summ       0%         N/A       100%        4
 Summon Mana Viper        Hex/Summ       0%         N/A       100%        5
 Monstrous Menagerie      Summ           0%         N/A       100%        7
 Lehudib's Crystal Spear  Conj/Erth      0%         10d2      100%        8


Dungeon Overview and Level Annotations

Branches:
Dungeon (11/15)            Temple (1/1) D:4            Lair (0/5) D:8
    Orc (0/2) D:9          Bailey (visited)

Altars:
Ashenzari
Cheibriados
Dithmenos
Elyvilon
Fedhas
Gozag
Hepliaklqana
Kikubaaqudgha
Makhleb
Nemelex Xobeh
Okawaru
Qazlal
Ru
Sif Muna
Trog
Uskayaw
Vehumet
Wu Jian
Xom
Yredelemnul
Zin
The Shining One

Shops:
D:3 =   D:9 ([

Annotations:
D:8 3 runed translucent doors, kalagan's ghost, novice DECj


Innate Abilities, Weirdness & Mutations

Your life essence is reduced to manifest your ancestor. (-10% HP)
You have a pair of horns on your head.
You reflexively headbutt those who attack you in melee.


Message History

The seven-headed hydra bites you but does no damage.
The seven-headed hydra closely misses you.
The seven-headed hydra bites you but does no damage.
You block the seven-headed hydra's attack. x2
The kobold demonologist looks encouraged for a moment.
The seven-headed hydra bites you. The seven-headed hydra bites you!
The seven-headed hydra bites you.
The seven-headed hydra bites you but does no damage. x2
The seven-headed hydra bites you!
The seven-headed hydra bites you but does no damage.
The seven-headed hydra attacks as you move away!
You block the seven-headed hydra's attack. x2
The seven-headed hydra completely misses you.
The seven-headed hydra bites you. x2
The seven-headed hydra barely misses you.
The seven-headed hydra completely misses you.
The kobold demonologist gestures wildly while chanting.
You puncture the seven-headed hydra!
The seven-headed hydra is lightly wounded.
You block the seven-headed hydra's attack. x2
The seven-headed hydra bites you but does no damage.
The seven-headed hydra barely misses you.
The seven-headed hydra bites you but does no damage. x2
The seven-headed hydra barely misses you.
A wyvern comes into view.
The wyvern hisses angrily.
You puncture the seven-headed hydra! You headbutt the seven-headed hydra!
The seven-headed hydra is heavily wounded.
You block the seven-headed hydra's attack. x4
The seven-headed hydra bites you!
* * * LOW HITPOINT WARNING * * *
The seven-headed hydra bites you but does no damage. x2
The seven-headed hydra bites you.
* * * LOW HITPOINT WARNING * * *
The seven-headed hydra bites you but does no damage.
You block the seven-headed hydra's attack.
The seven-headed hydra bites you!
* * * LOW HITPOINT WARNING * * *
The seven-headed hydra bites you.
You die...

. .###. .###. ##.
.#.###.#. #.. #...#...#
#...#####...#YY†# #.
#...#...#...#..5# #.###
#l...R#.###Y#§55..#
##...###...###K.Y###45.##
#....R#.###.#DY...# ###.#
...#...#...#..@#...#...#
.# .
#####...#...#####...#
..#...#...#...# ..#
#.....#.###.#. .##
##...###...###. .
#.###.#R....# .. #.
#...#...#...# # #...#####
..# #. #...#...#.. #


You could see a seven-headed hydra, a kobold demonologist, 3 yaks, a wyvern and
an ufetubus (summoned).

Vanquished Creatures
  4 two-headed ogres
  A tengu warrior (D:10)
  A skeletal warrior (D:10)
  Pikel (D:8)
  An orc knight (Bailey)
  A cyclops (D:10)
  An ugly thing (D:9)
  2 trolls (D:10)
  A hornet (D:10)
  A wraith (D:10)
  A shadow (D:10)
  A wyvern (D:8)
  11 yaks
  A steam dragon (D:7)
  Grum (D:8)
  An acid dragon (D:8)
  2 water moccasins
  2 ice beasts
  7 orc warriors
  A black bear (D:4)
  A sky beast (D:7)
  2 ogres
  A wolf (D:8)
  3 centaurs (D:10)
  2 phantoms
  2 kobold brigands (D:10)
  5 bullfrogs
  A scorpion (D:5)
  13 killer bees
  A howler monkey (D:10)
  5 hounds
  3 gnoll boudas
  2 orc priests
  An iguana (D:5)
  6 orc wizards
  Natasha (thrice) (D:4)
  14 gnolls
  3 adders
  3 white imps
  An ufetubus (D:6)
  30 orcs
  5 endoplasms
  A giant cockroach (D:3)
  11 goblins
  9 hobgoblins
  3 jackals (D:4)
  24 kobolds
  2 quokkas
  4 ball pythons
  5 bats
  3 frilled lizards
  2 rats
213 creatures vanquished.

Vanquished Creatures (collateral kills)
  A hydra (D:10)
  A two-headed ogre (D:10)
  An orc knight (Bailey)
  A cyclops (D:10)
  A gargoyle (D:10)
  An unseen horror (D:10)
  A hornet (D:10)
  A wraith (D:10)
  2 wyverns
  3 yaks
  4 orc warriors
  An ogre (D:7)
  2 wolves (D:8)
  An orc wizard (D:10)
  2 gnolls
  5 orcs
  2 goblins (Bailey)
  A hobgoblin (Bailey)
  3 kobolds
34 creatures vanquished.

Vanquished Creatures (others)
  An orc wizard (D:9)
  2 ancestors
  11 hexers
  2 orcs (D:9)
  2 fungi (D:8)
  2 plants (D:8)
20 creatures vanquished.

Grand Total: 267 creatures vanquished

Notes
Turn   | Place    | Note
-------+----------+-------------------------------------------
     0 | D:1      | Eitelfritz the Minotaur Gladiator began the quest for the
                  | Orb.
     0 | D:1      | Reached XP level 1. HP: 18/18 MP: 0/0
    59 | D:1      | Found a faded altar of an unknown god.
   212 | D:1      | Reached skill level 4 in Long Blades
   285 | D:1      | You fall into a shaft and drop 1 floor!
   325 | D:2      | Reached XP level 2. HP: 20/25 MP: 1/1
   860 | D:1      | Reached XP level 3. HP: 18/30 MP: 2/2
  2039 | D:3      | Reached skill level 1 in Armour
  2214 | D:3      | Reached skill level 5 in Long Blades
  2214 | D:3      | Reached XP level 4. HP: 31/38 MP: 3/3
  2854 | D:3      | Found Ber Upsi's Jewellery Boutique.
  3040 | D:4      | Noticed a black bear
  3070 | D:4      | Killed a black bear
  3071 | D:4      | Reached XP level 5. HP: 31/45 MP: 4/4
  3389 | D:4      | Noticed an ogre
  3492 | D:4      | Noticed Natasha
  3501 | D:4      | Killed Natasha
  3707 | D:4      | Found a staircase to the Ecumenical Temple.
  3713 | Temple   | Entered the Ecumenical Temple
  3826 | Temple   | Became a worshipper of Hepliaklqana the Forgotten
  3972 | D:4      | Noticed Natasha
  3979 | D:4      | Killed Natasha
  3980 | D:4      | Reached XP level 6. HP: 45/52 MP: 5/5
  4422 | D:4      | Noticed Natasha
  4431 | D:4      | Killed Natasha
  4470 | D:5      | Entered Level 5 of the Dungeon
  4669 | D:5      | Reached skill level 6 in Long Blades
  5196 | D:5      | Reached XP level 7. HP: 54/59 MP: 6/6
  5290 | D:5      | Reached skill level 7 in Long Blades
  5889 | D:6      | Reached skill level 5 in Fighting
  5889 | D:6      | Reached skill level 5 in Dodging
  5889 | D:6      | Reached skill level 1 in Stealth
  5900 | D:6      | Reached skill level 8 in Long Blades
  5900 | D:6      | Reached skill level 5 in Armour
  5900 | D:6      | Reached XP level 8. HP: 68/68 MP: 7/7
  6145 | D:6      | Found a burning altar of Makhleb.
  6244 | D:6      | Reached * piety under Hepliaklqana
  6653 | D:7      | Reached skill level 9 in Long Blades
  6712 | D:7      | Reached skill level 1 in Shields
  7286 | D:7      | Found an ornate altar of the Wu Jian Council.
  7535 | D:7      | Reached XP level 9. HP: 67/67 MP: 8/8
  8002 | D:8      | Found a stormy altar of Qazlal.
  8003 | D:8      | Found a sparkling altar of Nemelex Xobeh.
  8113 | D:8      | Reached skill level 10 in Long Blades
  8130 | D:8      | Noticed a spectral unseen horror
  8131 | D:8      | Found a runed translucent gate.
  8132 | D:8      | Found a runed translucent gate.
  8132 | D:8      | Found a runed translucent gate.
  8132 | D:8      | Noticed a spectral unseen horror
  8134 | D:8      | Noticed kalagan's ghost (novice DECj)
  8159 | D:8      | Reached ** piety under Hepliaklqana
  8160 | D:8      | Found a staircase to the Lair.
  8175 | D:8      | Remembered your ancestor Paullus as a hexer
  8197 | D:8      | Noticed Grum
  8203 | D:8      | Killed Grum
  8220 | D:8      | Found a glowing golden altar of the Shining One.
  8221 | D:8      | Found an opulent altar of Gozag.
  8222 | D:8      | Found an iron altar of Okawaru.
  8236 | D:8      | Reached skill level 5 in Shields
  8251 | D:8      | Found a broken altar of Ashenzari.
  8251 | D:8      | Found a shadowy altar of Dithmenos.
  8251 | D:8      | Found a shimmering blue altar of Sif Muna.
  8253 | D:8      | Found a shimmering altar of Xom.
  8253 | D:8      | Found an ancient bone altar of Kikubaaqudgha.
  8253 | D:8      | Found a glowing silver altar of Zin.
  8260 | D:8      | Noticed Pikel
  8294 | D:8      | Killed Pikel
  8470 | D:8      | Found a flagged portal.
  8490 | Bailey   | Entered a bailey
  8559 | Bailey   | Noticed an orc knight
  8570 | Bailey   | Reached skill level 11 in Long Blades
  8576 | Bailey   | Noticed an orc knight
  8580 | Bailey   | Reached XP level 10. HP: 77/77 MP: 9/9
  8610 | Bailey   | Killed an orc knight
  8611 | Bailey   | Reached skill level 1 in Ranged Weapons
  9200 | Bailey   | Killed an orc knight
  9732 | D:3      | Bought a ring of willpower for 350 gold pieces
  9732 | D:3      | Bought a ring of protection from fire for 350 gold pieces
  9732 | D:3      | Bought an amulet of reflection for 420 gold pieces
 10182 | D:9      | Noticed a two-headed ogre
 10184 | D:9      | Noticed a brown ugly thing
 10650 | D:9      | Killed a brown ugly thing
 10814 | D:9      | Found Emoithruu's Weapon Shoppe.
 10814 | D:9      | Found a staircase to the Orcish Mines.
 10815 | D:9      | Found Xifotad's Armour Shoppe.
 10883 | D:9      | Bought a +0 cloak for 67 gold pieces
 10883 | D:9      | Bought a +0 pair of gloves for 67 gold pieces
 11004 | D:9      | Killed a two-headed ogre
 11077 | D:9      | Reached XP level 11. HP: 68/85 MP: 10/10
 11491 | D:10     | Entered Level 10 of the Dungeon
 11540 | D:10     | Reached skill level 12 in Long Blades
 11754 | D:10     | Reached *** piety under Hepliaklqana
 11771 | D:10     | Noticed a two-headed ogre
 11775 | D:10     | Killed a two-headed ogre
 11837 | D:10     | Noticed a four-headed hydra
 11852 | D:10     | Killed a four-headed hydra
 11853 | D:10     | Reached skill level 10 in Shields
 11963 | D:10     | Noticed a two-headed ogre
 11972 | D:10     | Killed a two-headed ogre
 11992 | D:10     | Noticed a tengu warrior
 11996 | D:10     | Noticed a two-headed ogre
 12006 | D:10     | Killed a two-headed ogre
 12010 | D:10     | Noticed a skeletal warrior
 12028 | D:10     | Reached skill level 1 in Maces & Flails
 12464 | D:10     | Killed a skeletal warrior
 12465 | D:10     | Reached skill level 13 in Long Blades
 12593 | D:10     | Killed a tengu warrior
 13090 | D:10     | Found a bloodstained altar of Trog.
 13170 | D:10     | Reached XP level 12. HP: 95/95 MP: 11/11
 13292 | D:10     | Noticed a two-headed ogre
 13301 | D:10     | Killed a two-headed ogre
 13447 | D:10     | Identified a scroll of acquirement
 13447 | D:10     | Acquired the +8 kite shield of the Northern Lights {+Inv
                  | rF+ rCorr}
 13526 | D:11     | Noticed a seven-headed hydra
 13547 | D:11     | HP: 4/95 [seven-headed hydra (11)]
 13547 | D:11     | Slain by a seven-headed hydra

Illustrated notes

Levels and vault maps discovered:
D:1:      heliophobic_arrival_battle_scene, layout_basic,
          ebering_ecumenical_altar_rust
D:2:      layout_loops_cross, nicolae_concentric_dashed_squares_mild,
          minmay_heptomino_o4
D:3:      layout_loops_cross, serial_shops, nicolae_lakefront_shop
D:4:      layout_basic, minmay_temple_entry_hall, serial_rivers,
          chequers_serial_rivers_room_a, chequers_serial_rivers_micro_d,
          chequers_serial_rivers_micro_c, chequers_serial_rivers_small_a,
          st_stairs_14, uniq_natasha
D:5:      layout_basic, st_stairs_13, minmay_liquid_box
D:6:      layout_cave_pools, makhleb_blood_cavern_becter
D:7:      layout_basic, nicolae_wu_jian_immortal_techniques
D:8:      layout_basic, nicolae_overflows_in_rows,
          mainiacjoe_overflow_divided_tiny, dpeg_oklobed_lair, enter_bailey_7,
          gammafunk_ghost_necromancy, uniq_pikel, uniq_grum
D:9:      layout_basic, orc_david_3
D:10:     hangedman_cross_cluster, layout_loops_ring,
          mainiacjoe_overflow_six_doors_small
D:11:     nicolae_cairo_tiling, layout_small_grid, uniq_maurice, uniq_sonja
Temple:   nicolae_temple_superstar

Skill      XL: |  1  2  3  4  5  6  7  8  9 10 11 12 |
---------------+-------------------------------------+-----
Long Blades    | 4 5 6 8 9 11 13 | 13.1
Armour         | 1 3 4 5 6 7 8 9 |  9.5
Fighting       | 3 4 5 6 7 8 9 |  9.7
Dodging        | 4 5 6 7 8 |  8.3
Stealth        | 1 3 4 |  4.0
Throwing       | 3 4 |  4.3
Shields        | 1 6 9 12 | 12.7
Ranged Weapons | 3 |  3.7
Maces & Flails | 1 |  1.0
Evocations     | |  0.8

Action                   |  1- 3 |  4- 6 |  7- 9 | 10-12 || total
-------------------------+-------+-------+-------+-------++-------
Melee: Long sword        |    82 |   114 |   260 |   342 ||   798
       Headbutt          |    11 |    16 |    51 |    84 ||   162
       Punch             |       |       |     1 |       ||     1
       Morningstar       |       |       |       |     5 ||     5
 Fire: Sling             |       |     2 |     7 |    54 ||    63
Throw: Dart              |       |     8 |     9 |    25 ||    42
       Throwing net      |       |     1 |       |     3 ||     4
       Javelin           |       |       |       |     1 ||     1
       Boomerang         |       |       |       |     2 ||     2
Invok: Ancestor Life: He |       |       |     1 |       ||     1
Evoke: Wand              |       |       |       |     1 ||     1
  Use: Scroll            |       |    14 |     3 |     8 ||    25
 Stab: Held in net/web   |       |     1 |       |     4 ||     5
       Confused          |       |       |     2 |     5 ||     7
       Distracted        |       |       |     1 |     3 ||     4
Armor: Leather armour    |    22 |     5 |       |       ||    27
       Ring mail         |       |    28 |    76 |    69 ||   173
Dodge: Dodged            |    39 |    83 |   172 |    72 ||   366
Block: Kite shield       |       |       |   111 |   249 ||   360
       Reflection        |       |       |       |    11 ||    11
